 Dungeon Crawl Stone Soup version 0.30-a0-949-g53dc5368d7 (webtiles) character file.

Game seed: 5778068857056780342

180 GigaChad the Shield-Bearer (level 5, 0/42 HPs)
             Began as a Formicid Fighter on Mar 27, 2023.
             Slain by Blork the orc
             ... wielding a +2 trident of venom
              (1 damage)
             ... on level 5 of the Dungeon.
             The game lasted 00:04:42 (2684 turns).

GigaChad the Shield-Bearer (Formicid Fighter)       Turns: 2684, Time: 00:04:43

Health: 0/42       AC: 17    Str: 23    XL:     5   Next: 91%
Magic:  5/5        EV:  3    Int:  7    God:
Gold:   249        SH:  5    Dex: 13    Spells: 4/4 levels left

rFire   . . .      SeeInvis +    a - +0 war axe
rCold   . . .      Faith    .    c - +0 buckler
rNeg    . . .      Spirit   .    o - +0 crystal plate armour
rPois   .          Reflect  .    (helmet unavailable)
rElec   .          Rampage  .    q - +0 cloak
rCorr   .                        (no gloves)
Will    .....                    (no boots) Stlth
                                 (no amulet)
HPRegen 0.27/turn                (no ring)
MPRegen 0.09/turn                (no ring)

@: lethally poisoned (0 -> -12)
A: permanent stasis, dig shafts and tunnels, antennae 3, four strong arms
a: Dig, Shaft Self


You were on level 5 of the Dungeon.
You visited 1 branch of the dungeon, and saw 5 of its levels.

You collected 249 gold pieces.

Inventory:

Hand Weapons
 a - a +0 war axe (weapon)
Armour
 b - a +0 scale mail
 c - a +0 buckler (worn)
 n - a +0 plate armour
 o - a +0 crystal plate armour (worn)
 q - a +0 cloak (worn)
Scrolls
 g - 2 scrolls of immolation
 l - a scroll of noise
 m - a scroll of fog
 p - a scroll of poison {unknown}
 r - a scroll of vulnerability {unknown}
 s - 2 scrolls of teleportation {unknown}
 t - 3 scrolls of identify
Potions
 d - a potion of might
 e - a potion of attraction {unknown}
 f - a potion of flight {unknown}
 h - a potion of cancellation
 i - 2 potions of ambrosia {unknown}
 j - 3 potions of curing {unknown}
 k - 2 potions of haste {unknown}
 u - a potion of mutation {unknown}


   Skills:
 + Level 4.2 Fighting
 + Level 4.0 Axes
 + Level 3.9 Armour
 + Level 0.7 Dodging
 + Level 4.7 Shields


You had 4 spell levels left.
You didn't know any spells.
Your spell library contained the following spells:

 Spells                   Type           Power      Damage    Failure   Level
 Cigotuvi's Dreadful Rot  Necr/Pois/Air  0%         N/A       100%        2
 Poisonous Vapours        Pois/Air       0%         N/A       100%        2
 Mephitic Cloud           Conj/Pois/Air  0%         N/A       100%        3


Dungeon Overview and Level Annotations

Branches:
Dungeon (6/15)
 Temple: D:4-7

Altars:

Annotations:
D:5 Blork the orc


Innate Abilities, Weirdness & Mutations

You cannot be hasted, slowed, berserked, paralysed or teleported.
You can dig through walls and to a lower floor.
You have a pair of large antennae on your head. (SInv)
Your four strong arms can wield two-handed weapons with a shield.


Message History

You slash the black bear!
The black bear is severely wounded.
You feel sick.
Blork the orc screams, "I'll break your arms!"
Blork the orc hits you from afar with a +2 trident of venom.
You are more poisoned.
The black bear goes berserk!
Blork the orc hits you but does no damage.
You are more poisoned.
You hit the black bear.
The black bear is severely wounded.
You feel extremely sick. You block the black bear's attack.
The black bear claws you.
The black bear claws you but does no damage.
You block Blork the orc's attack. The black bear barely misses you.
The black bear claws you but does no damage. x2
Blork the orc looks angry.
Blork the orc gestures at you while chanting.
The puff of flame hits you but does no damage.
You are too injured to fight recklessly!
Unknown command.
You are too injured to fight recklessly!
Unknown command.
You are too injured to fight recklessly!
Unknown command.
You are too injured to fight recklessly!
Unknown command.
You are too injured to fight recklessly!
Unknown command.
There are monsters nearby!
It was a potion of cancellation.
You feel magically purged.
You feel very sick. The black bear bites you!
* * * LOW HITPOINT WARNING * * *
The black bear claws you.
* * * LOW HITPOINT WARNING * * *
The black bear claws you.
* * * LOW HITPOINT WARNING * * *
Blork the orc hits you from afar with a +2 trident of venom.
You die...

#.#.# #.#
..# #.#
#[###..##
#.# #
##........
#.# # #.
#...#.....
#.# # #
#.##..##
.... #.# #
#.#.#...#
... #.# #
#...o.#.#
.. #.# #
#.....#+##
{. #.###
#..##@...#
#....
#....
#h...#
#.... #...
#....#
#.... #+#
#....#
#....
.....#
#....
.....#
#####
.....#
......#


You could see Blork the orc (fast) and a black bear (berserk).

Vanquished Creatures
  2 hounds (D:5)
  6 adders
  2 worms
  4 dart slugs
  An orc (D:5)
  7 bats
  6 endoplasms
  5 giant cockroaches
  3 jackals (D:1)
  4 kobolds
  3 quokkas
  5 ball pythons
  2 frilled lizards
  3 goblins
  6 rats
59 creatures vanquished.

Vanquished Creatures (others)
  3 toadstools (D:5)
3 creatures vanquished.

Grand Total: 62 creatures vanquished

Notes
Turn   | Place    | Note
-------+----------+-------------------------------------------
     0 | D:1      | GigaChad the Formicid Fighter began the quest for the Orb.
     0 | D:1      | Reached XP level 1. HP: 18/18 MP: 1/1
   107 | D:1      | Reached XP level 2. HP: 24/24 MP: 2/2
   305 | D:1      | Reached XP level 3. HP: 28/30 MP: 3/3
  1057 | D:2      | Reached XP level 4. HP: 35/37 MP: 4/4
  1115 | D:2      | Found a faded altar of an unknown god.
  1888 | D:3      | Reached XP level 5. HP: 42/42 MP: 5/5
  2382 | D:3      | You fall into a shaft and drop 3 floors!
  2390 | D:5      | Entered Level 5 of the Dungeon
  2674 | D:5      | Noticed a black bear
  2677 | D:5      | Noticed Blork the orc
  2684 | D:5      | HP: 1/42 [black bear (2)]
  2684 | D:5      | Slain by Blork the orc

Illustrated notes

Levels and vault maps discovered:
D:1:      minmay_arrival_statue_studded, layout_basic, minmay_misc_feat_cross,
          minivault_23, chequers_serial_rivers_micro_c, minmay_curled_crystal
D:2:      layout_loops_corners, dreamdust_ecumenical_altar_statues,
          minmay_small_reverse_x
D:3:      layout_basic, minmay_box_of_dots
D:5:      layout_basic, temple_statues, grunt_ministairs_9,
          minmay_gold_behind_fungi, uniq_blork_the_orc
D:6:      layout_basic, grunt_temple_overflow_open, uniq_sigmund

Skill      XL: |  1  2  3  4  5 |
---------------+----------------+-----
Fighting       | 4 |  4.2
Axes           | 3 4 |  4.0
Armour         | |  3.9
Dodging        | |  0.7
Shields        | |  4.7

Action                     |  1- 3 |  4- 6 || total
---------------------------+-------+-------++-------
  Melee: War axe           |    80 |   112 ||   192
    Use: Scroll            |       |     3 ||     3
         Potion            |       |     1 ||     1
 Armour: Scale mail        |    40 |       ||    40
         Plate armour      |       |    33 ||    33
         Crystal plate arm |       |    71 ||    71
  Dodge: Dodged            |    39 |    26 ||    65
  Block: Buckler           |    23 |    34 ||    57

Table legend: (Time is in decaauts)
 A = Elapsed time spent in this place.
 B = Non-inter-level travel time spent in this place.
 C = Inter-level travel time spent in this place.
 D = Time resting spent in this place.
 E = Time spent auto-exploring this place.
 F = Levels seen in this place.
 G = Mean time per level.
                   A        B        C        D        E       F      G
               +--------+--------+--------+--------+--------+-----+--------+
         Total |   2761 |   2718 |     43 |      0 |   2140 |   5 |  552.2 |
       Dungeon |   2761 |   2718 |     43 |      0 |   2140 |   5 |  552.2 |
               +--------+--------+--------+--------+--------+-----+--------+

Top non-repeatable levels by time:
     D:2: 1164 daAuts
     D:1: 718 daAuts
     D:3: 570 daAuts
     D:5: 300 daAuts
     D:6: 7 daAuts
